ElectroBlueGuy, lawful male human Knight ----- #-...| ###|...| # |...| ---------------- ### --.-- ----------+---- |........[...... ##@a#########%#### ............$..| |<....{........| ##---------# ## ......| |..............| ### ##.......>|# ## | |..............-#########|.......|# ---------------- # ####........-# ------.-- ElectroBlueGuy the Esquire Experience level: 5 Strength: 14 Dexterity: 9 Constitution: 12 Intelligence: 9 Wisdom: 14 Charisma: 17 Health: 0(40) Energy: 33(33) Def: 6 Gold: 176 Moves: 2670 Dungeon seed: nrH5v44bSLoIq_sU Game ID: ElectroBlueGuy_1571507574 Your Inventory: Coins $ - 176 gold pieces Weapons a - a blessed rusty corroded +1 long sword (weapon in hand) b - a +1 lance w - 8 blessed +0 darts (in quiver) Armor n - an uncursed +0 helmet (being worn) q - an uncursed +0 Uruk-hai shield (being worn) r - an uncursed +0 pair of leather gloves (being worn) y - an uncursed +0 ring mail (being worn) Comestibles d - 9 uncursed carrots p - 3 uncursed food rations D - an uncursed partly eaten apple Rings G - an uncursed ring of teleport control Spells and supernatural/magical abilities: Name Level Category Fail Memory z - sleep 1 enchantment 100% 92% W - pray for help -- divine ? -- X - turn undead -- divine ? -- Y - supernatural jump -- ability ? -- Your skills at the end: Fighting Skills riding [Basic] Weapon Skills long sword [Basic] lance [Basic] Spellcasting Skills Final Attributes: You were piously aligned. You could jump. You are dead. Vanquished creatures: a fog cloud a shrieker a ghoul a homunculus a rothe a giant bat 2 iguanas a killer bee an acid blob a large kobold 3 cave spiders a gnome 2 gnome zombies 3 geckos 4 jackals 2 foxes a kobold 4 goblins a grid bug 3 bats 7 lichens 3 kobold zombies 5 newts 50 creatures vanquished. Voluntary challenges: You used a wielded weapon 49 times, starting on turn 44. You read items or engraved 3 times, starting on turn 607. You never genocided any monsters. You never polymorphed an object. You never changed form. You used no wishes. You never split a pudding. You never wrote Elbereth's name. You never violated your personal moral code. Dungeon overview: The Dungeons of Doom: levels 1 to 6 Level 1 a long staircase Level 2 a general store Level 3 a fountain Level 4 a fountain a long staircase Level 5 Level 6 <- You were here a fountain a long staircase History has recorded: On T:1 you entered the Dungeons of Doom to retrieve the Amulet of Yendor! On T:198 you reached level 2 of The Dungeons of Doom. On T:768 you advanced to experience level 2. On T:1408 you reached level 3 of The Dungeons of Doom. On T:1650 you reached level 4 of The Dungeons of Doom. On T:1652 you advanced to experience level 3. On T:2066 you advanced to experience level 4. On T:2401 you reached level 5 of The Dungeons of Doom. On T:2442 you reached level 6 of The Dungeons of Doom. On T:2628 you advanced to experience level 5. Score breakdown: Gold: 176 ( 7646 points) Experience: 5 levels (11141 points) Exploration: 6 levels ( 11.76%) ( 9486 points) Discoveries: 7 items ( 2.85%) ( 5060 points) Valuables value: (no points given unless you survive) Artifact value: 0 ( 0 points) Variety of kills: 23 monsters ( 6.04%) ( 7370 points) Turncount: 2670 turns ( -427 points) Survival: died (score multiplied by 80%) Total score: 32220 Latest messages: The killer bee stings! The killer bee misses. You miss the killer bee. The killer bee stings! The killer bee's sting was poisoned! You miss the killer bee. The killer bee misses. The killer bee stings! You kill the killer bee! You see here a killer bee corpse. The killer bee misses. (2x) You miss the killer bee. The killer bee stings! The dart misses the killer bee. The killer bee stings! (2x) You miss the killer bee. The killer bee stings! You miss the killer bee. The killer bee misses. The killer bee stings! You die... Final status: Fare thee well ElectroBlueGuy the Knight, killed by a killer bee... You died in The Dungeons of Doom on dungeon level 6 with 32220 points, and 176 pieces of gold, after 2670 moves. You were level 5 with a maximum of 40 hit points when you died.